Map: Frozen Temple

Players

capac

  • Race: Terran Terran
  • League: Gold

ReaperCreep - Winner!

  • Race: Terran Terran

VOD

Have the link to the VOD?

Description

Time

  • Played on: May 2, 2016, 4:05 p.m.
  • Length: 13:25
Show
View Real Time Build Order
Export as new Build Order

capac Terran 

Build Orders: Reaper Expand 

Get SALT Encoding   

  12  0:00  SCV  
  13  0:12  SCV  
  14  0:18  Supply Depot  
  14  0:25  SCV  
  15  0:40  SCV  
  15  0:41  Barracks  
  16  0:50  Refinery  
  16  0:52  SCV  
  18  1:04  SCV  
  18  1:16  SCV  
  19  1:28  Orbital Command  
  19  1:34  Reaper  
  20  1:44  Command Center  
  20  1:55  SCV  
  20  2:00  Supply Depot  
  21  2:06  Marine  
  22  2:10  SCV  
  23  2:16  Factory  
  23  2:18  Refinery  
  23  2:33  Barracks  
  23  2:35  Barracks Reactor  
  23  2:49  SCV  
  24  2:59  Orbital Command  
  24  3:01  SCV  
  24  3:02  Factory Tech Lab  
  25  3:08  Starport  
  25  3:13  SCV  
  25  3:18  Marine x2  
  28  3:29  SCV x2  
  28  3:32  Barracks Tech Lab  
  30  3:37  Siege Tank  
  30  3:41  Marine x2  
  33  3:45  SCV x2  
  36  4:08  Bunker  
  36  4:09  Marine x2  
  37  4:26  Marine x2  
  37  4:27  Marine, SCV x2  
  41  4:39  SCV  
  41  4:44  Marine x3  
  45  4:48  Starport Reactor  
  45  4:50  Supply Depot, Command Center  
  45  4:55  Siege Tank  
  45  4:57  Stimpack  
  45  4:58  SCV x2  
  50  5:04  Marine x2  
  52  5:10  SCV x2  
  51  5:25  Engineering Bay  
  44  5:59  Missile Turret  
  44  6:00  Missile Turret  
  44  6:01  Widow Mine  
  46  6:07  SCV x2  
  48  6:19  SCV x2  
  48  6:24  Marine x2  
  48  6:25  Marine  
  53  6:27  Orbital Command, Missile Turret  
  53  6:30  Medivac x2  
  53  6:31  SCV  
  53  6:32  Siege Tank  
  51  7:21  SCV x2  
  51  7:22  SCV  
  54  7:23  Marine x2  
  54  7:24  Marine, Missile Turret  
  54  7:26  Siege Tank  
  54  7:27  Viking x2  
  64  7:33  SCV x2  
  65  7:44  Missile Turret  
  65  7:45  SCV x3  
  65  7:47  Marine  
  69  8:12  Marine x2  
  69  8:13  Marine  
  69  8:15  Siege Tank  
  69  8:17  SCV x2  
  77  8:24  Viking x2, Supply Depot, SCV  
  77  8:25  Supply Depot  
  82  8:32  Missile Turret  
  70  8:55  Marine x3  
  73  9:13  Marine  
  74  9:22  Marine x2  
  58  9:39  Medivac x2  
  58  9:45  Refinery  
  62  9:46  Refinery  
  50  10:18  Marine  
  50  10:19  Marine x2  
  53  10:22  Siege Tank  
  53  10:24  Viking x2  
  60  10:38  Marine x3  
  57  10:58  Viking x2  
  59  11:20  Marine x2  
  59  11:21  Marine  
  62  11:38  Marine  
  47  12:45  Marine  
  47  12:46  Marine x2  
  50  13:03  Marine x2  
  50  13:04  Marine  
  53  13:07  Starport x2  
Show
View Real Time Build Order
Export as new Build Order

ReaperCreep Terran - Winner!

Build Orders: MMM Bio, Banshee Rush 

Get SALT Encoding   

  12  0:01  SCV  
  13  0:13  SCV  
  14  0:21  Supply Depot  
  14  0:25  SCV  
  15  0:43  Barracks, SCV  
  15  0:48  Refinery  
  16  0:55  SCV  
  17  1:07  SCV  
  18  1:26  SCV  
  18  1:31  Marine  
  18  1:32  Supply Depot  
  20  1:43  Orbital Command  
  20  1:48  Marine  
  21  2:02  Factory  
  21  2:08  Refinery, SCV  
  22  2:11  Barracks Reactor  
  22  2:19  Supply Depot  
  22  2:20  SCV  
  23  2:32  SCV  
  24  2:47  Command Center  
  24  2:56  Armory  
  24  3:00  Starport  
  24  3:04  Hellion x2  
  28  3:12  Barracks Tech Lab  
  28  3:16  SCV  
  29  3:26  Hellion x2  
  33  3:38  SCV  
  34  3:42  Supply Depot  
  34  3:48  Cloaking Field  
  34  3:53  Banshee  
  38  4:10  SCV  
  38  4:13  Refinery  
  36  4:29  Orbital Command  
  36  4:31  Marine x2  
  31  4:35  SCV, Factory Reactor  
  33  4:38  Banshee  
  36  4:46  Barracks  
  36  4:48  SCV  
  36  4:49  Barracks  
  36  4:52  Marine x2  
  37  4:56  SCV  
  40  5:00  SCV  
  40  5:04  Supply Depot  
  41  5:08  SCV  
  41  5:10  Marine x2  
  41  5:12  SCV  
  45  5:20  SCV  
  46  5:24  SCV  
  46  5:28  Marine x2  
  49  5:39  Barracks Tech Lab  
  49  5:40  Barracks Reactor  
  49  5:58  SCV x2  
  49  6:02  Refinery  
  51  6:04  Marine  
  51  6:05  Marine x2  
  51  6:06  Siege Tank, Stimpack  
  57  6:12  SCV x2, Command Center  
  57  6:14  Medivac x2  
  57  6:17  Marine x2  
  65  6:22  Marine  
  65  6:24  Supply Depot, SCV x2  
  68  6:27  Marine x2  
  70  6:45  Marine x4  
  74  7:05  Marine x3  
  74  7:06  Siege Tank  
  77  7:14  Marine  
  78  7:24  Marine x2, SCV x2  
  78  7:29  Orbital Command  
  82  7:34  Engineering Bay  
  82  7:36  SCV  
  83  7:38  Siege Tank  
  83  7:44  Supply Depot, Factory  
  83  7:45  Factory, Medivac x2  
  83  7:46  Marine x5  
  92  7:52  SCV  
  92  7:56  Supply Depot  
  93  8:01  Supply Depot, Engineering Bay  
  93  8:05  Terran Infantry Weapons Level 1  
  93  8:06  Marine, SCV  
  93  8:09  Marine x3  
  93  8:10  Siege Tank, Combat Shields  
  101  8:20  Marine  
  101  8:22  Medivac  
  101  8:23  Medivac  
  101  8:24  Marine  
  107  8:27  Marine x3  
  91  8:47  Marine x3  
  91  8:48  Marine x2  
  85  9:02  SCV x2  
  87  9:05  Marine x4, Refinery, Factory Tech Lab, Factory Reactor  
  87  9:06  Marine  
  87  9:07  Refinery  
  89  9:14  SCV x2  
  89  9:23  Marine x4  
  85  9:28  Marine  
  83  9:35  SCV x2  
  83  9:38  Missile Turret  
  85  9:41  Marine x4  
  85  9:45  Marine, Armory  
  89  9:47  SCV  
  89  9:49  SCV  
  89  9:51  SCV  
  89  9:52  Siege Tank x2  
  99  9:55  Starport Reactor  
  99  9:58  Marine  
  99  9:59  Marine x3  
  103  10:03  Marine  
  97  10:24  Siege Tank  
  100  10:30  Starport  
  100  10:32  Starport, Terran Infantry Armor Level 1  
  100  10:33  Terran Infantry Weapons Level 2  
  100  10:34  Terran Vehicle Weapons Level 1  
  100  10:36  Viking x2  
  100  10:38  Marine x4  
  100  10:39  Marine  
  109  10:56  Marine x4  
  113  11:00  Marine  
  113  11:02  Siege Tank  
  117  11:21  Supply Depot x2  
  117  11:22  Supply Depot  
  117  11:25  Starport Reactor x2  
  117  11:33  Supply Depot  
  117  11:40  Missile Turret  
  117  11:42  Marine x5, Siege Tank  
  117  11:43  Viking x2, Siege Tank, SCV  
  117  11:44  SCV  
  117  11:46  Missile Turret  
  131  12:02  Marine x5  
  136  12:12  Viking x2  
  136  12:14  Siege Tank  
  136  12:15  Siege Tank  
  142  12:17  Concussive Shells  
  142  12:20  Marine x5  
  142  12:21  Viking  
  149  12:30  Supply Depot  
  149  12:37  Viking, Marine, SCV  
  149  12:39  Marine  
  141  12:48  Medivac  
  149  12:51  Medivac x2  
  153  13:02  Command Center  
  157  13:09  Sensor Tower  
  157  13:14  Supply Depot  
  157  13:17  Supply Depot  
  157  13:20  Sensor Tower  
  157  13:23  Supply Depot  
  157  13:24  Supply Depot  
Tags
 
Composition
MMM Bio
League
Gold
Matchup
TvT
Race
Terran
Strategy
Banshee Rush
Add a new tag
Caveats
  • Supply blocks, unpowered buildings, or Contaminate may cause inaccurate times.
  • Supply counts are checked every 10 seconds.